 Dungeon Crawl Stone Soup version 0.27-a0-13-g87abb2d9eb (webtiles) character file.

Game seed: 1864376533964660580

99 sahdkjhfkaj the Charlatan (level 5, 41/41 HPs)
             Began as a Formicid Artificer on Jan 2, 2021.
             Quit the game on level 2 of the Dungeon on Jan 3, 2021.
             The game lasted 00:02:49 (2259 turns).

sahdkjhfkaj the Charlatan (Formicid Artificer)      Turns: 2259, Time: 00:02:49

Health: 41/41      AC:  3    Str: 18    XL:     5   Next: 2%
Magic:  5/5        EV: 11    Int: 10    God:
Gold:   74         SH:  0    Dex: 11    Spells: 4/4 levels left

rFire    . . .     SeeInvis +   a - +0 dagger (elec)
rCold    . . .     Faith    .   (no shield)
rNeg     . . .     Spirit   .   b - +0 leather armour
rPois    .         Reflect  .   (helmet unavailable)
rElec    .         Harm     .   (no cloak)
rCorr    .         Rampage  .   (no gloves)
Will     .....                  (no boots)
Stlth    +.........             (no amulet)
HPRegen  0.13/turn              (no ring)
MPRegen  0.09/turn              (no ring)

@: no status effects
A: permanent stasis, dig shafts and tunnels, four strong arms, antennae 3
a: Dig, Shaft Self


You were on level 2 of the Dungeon.
You visited 1 branch of the dungeon, and saw 2 of its levels.

You collected 74 gold pieces.

Inventory:

Hand Weapons
 a - a +0 dagger of electrocution (weapon)
Armour
 b - a +0 leather armour (worn)
Jewellery
 h - an uncursed amulet of reflection
Wands
 c - a wand of flame (13) (quivered)
 d - a wand of enslavement (13)
 e - a wand of random effects (9)
Scrolls
 f - a scroll of identify {unknown}
 i - a scroll of magic mapping {unknown}
Potions
 g - a potion of lignification {unknown}


   Skills:
 + Level 3.4 Fighting
 - Level 2.1 Armour
 - Level 1.0 Dodging
 - Level 1.2 Stealth
 + Level 4.7 Evocations


You had 4 spell levels left.
You didn't know any spells.
Your spell library was empty.

Dungeon Overview and Level Annotations

Branches:
Dungeon (2/15)

Altars:
Ru
The Shining One


Innate Abilities, Weirdness & Mutations

You cannot be hasted, slowed, berserked, paralysed or teleported.
You can dig through walls and to a lower floor.
Your four strong arms can wield two-handed weapons with a shield.
You have a pair of large antennae on your head. (SInv)


Message History

A rat is nearby!
A rat is nearby!
A rat is nearby!
A rat is nearby!
A rat is nearby!
A rat is nearby!
The rat bites you but does no damage.
You hit the rat.
You kill the rat!
No target in view!
No target in view!
No target in view!
No target in view!
No target in view!
No target in view!
No target in view!
No target in view!
No target in view!
No target in view!
Are you sure you want to abandon this character and quit the game? (Confirm with "yes".)

.. ### #. ... #. #.###.
#..... #... ##...
...#.######## ####(.##
#.....†@...># #....≈≈#
##.....####.# ##.#..≈≈≈
#..........####.#..≈≈≈≈
#.....####.##..###.≈≈≈≈
#..... #......#..≈≈≈≈
###.## #.......#.≈≈≈≈
#. ..........##.≈≈≈# ##
####......##..≈≈#
#..........≈≈#


There were no monsters in sight!

Vanquished Creatures
  A worker ant (D:2)
  4 gnolls (D:2)
  An adder (D:2)
  A leopard gecko (D:1)
  A bat (D:2)
  3 giant cockroaches
  2 goblins
  3 hobgoblins
  3 jackals (D:2)
  2 frilled lizards (D:1)
  4 kobolds
  4 rats
29 creatures vanquished.

Notes
Turn   | Place    | Note
-------+----------+-------------------------------------------
     0 | D:1      | sahdkjhfkaj the Formicid Artificer began the quest for the
                  | Orb.
     0 | D:1      | Reached XP level 1. HP: 15/15 MP: 1/1
    18 | D:1      | Reached skill level 1 in Dodging
   251 | D:1      | Reached XP level 2. HP: 2/21 MP: 2/2
  1145 | D:2      | Reached skill level 4 in Evocations
  1145 | D:2      | Reached XP level 3. HP: 7/27 MP: 3/3
  1384 | D:2      | Reached XP level 4. HP: 15/34 MP: 4/4
  1797 | D:2      | Found a sacrificial altar of Ru.
  1878 | D:2      | Found a glowing golden altar of the Shining One.
  2177 | D:2      | Reached XP level 5. HP: 35/41 MP: 5/5
  2259 | D:2      | Quit the game

Illustrated notes

Levels and vault maps discovered:
D:1:      minmay_arrival_semitransparent, layout_loops_ring, chequers_arboretum
D:2:      layout_loops_ring, lemuel_round_altar, lemuel_doored_altar,
          grunt_ministairs_6, chequers_hall_statues_wall_a, grunt_decor_junction

Skill      XL: |  1  2  3  4 |
---------------+-------------+-----
Dodging        | 1 |  1.0
Fighting       | 2 3 |  3.4
Evocations     | 4 |  4.7
Armour         | |  2.1
Stealth        | |  1.2

Action                   |  1- 3 |  4- 6 || total
-------------------------+-------+-------++-------
Melee: Club              |    35 |       ||    35
       Dagger            |    20 |    51 ||    71
Evoke: Wand              |     7 |     3 ||    10
  Use: Scroll            |     1 |       ||     1
 Stab: Paralysed         |     3 |       ||     3
       Sleeping          |       |     2 ||     2
Armor: Leather armour    |    13 |    10 ||    23
Dodge: Dodged            |    33 |    31 ||    64

Table legend: (Time is in decaauts)
 A = Elapsed time spent in this place.
 B = Non-inter-level travel time spent in this place.
 C = Inter-level travel time spent in this place.
 D = Time resting spent in this place.
 E = Time spent auto-exploring this place.
 F = Levels seen in this place.
 G = Mean time per level.
                   A        B        C        D        E       F      G
               +--------+--------+--------+--------+--------+-----+--------+
         Total |   2268 |   2243 |     25 |    476 |   1511 |   2 | 1134.0 |
       Dungeon |   2268 |   2243 |     25 |    476 |   1511 |   2 | 1134.0 |
               +--------+--------+--------+--------+--------+-----+--------+

Top non-repeatable levels by time:
     D:2: 1229 daAuts
     D:1: 1039 daAuts
